Map: Neon Violet Square LE

Players

Bunny - Winner!

  • Race: Terran Terran
  • Spawn Location: 11:00

Lambo

  • Race: Zerg Zerg
  • Spawn Location: 5:00

Event: IEM Season 12 - Katowice

VOD

Have the link to the VOD?

Description

Time

  • Played on: Feb. 27, 2018, 6:36 a.m.
  • Length: 13:32

All games in this series

Show
View Real Time Build Order
Export as new Build Order

Bunny Terran - Winner!

Build Orders: Reaper Expand, Hellion Banshee, Mech 

Get SALT Encoding   

  12  0:00  SCV  
  13  0:12  SCV  
  14  0:17  Supply Depot  
  14  0:24  SCV  
  15  0:39  SCV  
  15  0:41  Barracks  
  16  0:44  Refinery  
  16  0:51  SCV  
  17  1:03  SCV  
  18  1:15  SCV  
  19  1:28  Reaper, Orbital Command  
  20  1:41  Command Center  
  20  1:52  Supply Depot  
  21  1:54  SCV  
  21  2:00  Marine  
  22  2:06  SCV  
  23  2:08  Factory  
  23  2:13  Refinery  
  23  2:18  SCV  
  23  2:22  Barracks Reactor  
  24  2:30  SCV  
  25  2:42  SCV  
  26  2:53  Orbital Command  
  26  2:54  SCV, Starport  
  27  3:02  Hellion  
  27  3:03  Hellion  
  27  3:04  Barracks Tech Lab  
  31  3:06  SCV  
  32  3:15  Supply Depot  
  32  3:18  SCV x2  
  34  3:24  Hellion x2  
  38  3:30  SCV  
  38  3:31  SCV  
  38  3:33  Viking  
  43  3:43  SCV x2  
  45  3:50  Supply Depot  
  44  3:57  SCV x2  
  44  4:01  Command Center  
  48  4:09  Cloaking Field, Banshee  
  49  4:11  Hellion  
  49  4:15  Hellion  
  49  4:16  SCV  
  54  4:18  SCV  
  54  4:23  Supply Depot  
  55  4:29  SCV  
  55  4:30  SCV  
  57  4:34  Hellion  
  57  4:36  Hellion  
  61  4:39  Armory  
  61  4:41  SCV  
  61  4:45  SCV  
  63  4:52  Banshee  
  66  4:56  SCV  
  66  4:57  SCV  
  66  4:59  Refinery x2  
  68  5:02  Supply Depot  
  68  5:06  Factory x2  
  68  5:09  SCV x2  
  68  5:13  Hellion  
  72  5:18  Hellion  
  74  5:23  SCV x2  
  74  5:24  Supply Depot  
  74  5:25  Barracks Tech Lab  
  76  5:28  Terran Vehicle Weapons Level 1  
  76  5:35  SCV x2  
  78  5:38  Hellion  
  78  5:40  Hellion  
  80  5:45  Orbital Command  
  80  5:46  Starport Reactor  
  80  5:47  SCV x2  
  80  5:49  Supply Depot  
  82  5:58  Supply Depot  
  82  5:59  SCV x2  
  84  6:10  Thor x2  
  93  6:16  Hellion x2  
  93  6:19  SCV x3  
  93  6:24  Medivac  
  95  6:30  Medivac  
  95  6:31  SCV x3  
  96  6:39  Refinery  
  96  6:42  Refinery  
  96  6:43  SCV x3  
  96  6:46  Hellion x2  
  90  6:55  Infernal Pre-Igniter, SCV x3  
  90  6:56  Siege Tank  
  90  6:59  Armory  
  96  7:07  Hellion x2, SCV x2  
  96  7:08  SCV  
  103  7:10  Supply Depot x2, Siege Tank  
  103  7:11  Supply Depot  
  103  7:12  Supply Depot  
  106  7:23  Factory  
  106  7:24  Factory  
  106  7:28  Hellion  
  106  7:29  Hellion, Siege Tank  
  113  7:42  Siege Tank  
  112  7:47  Viking x2  
  114  7:51  Hellion x2  
  114  7:56  Command Center  
  114  7:57  Terran Vehicle And Ship Armor Level 1  
  112  8:04  SCV x3  
  115  8:08  Terran Vehicle Weapons Level 2  
  115  8:10  Factory Tech Lab, Factory Reactor  
  115  8:12  Hellion x2  
  119  8:14  Siege Tank  
  119  8:16  SCV x2  
  119  8:17  SCV  
  125  8:28  SCV, Siege Tank  
  125  8:29  SCV x2  
  125  8:34  Supply Depot, Hellion x2  
  135  8:35  Supply Depot, Siege Tank  
  135  8:37  Supply Depot, Engineering Bay  
  135  8:40  Refinery  
  139  8:41  SCV x3  
  139  8:42  Refinery  
  139  8:45  Viking x2  
  145  8:50  Hellion x2  
  149  8:56  Hellion x2, Siege Tank  
  149  8:58  Supply Depot  
  149  8:59  Supply Depot  
  156  9:08  Sensor Tower, Planetary Fortress  
  156  9:13  Siege Tank  
  156  9:14  Hellion  
  156  9:15  Hellion  
  163  9:18  Hellion x2  
  163  9:20  Siege Tank  
  170  9:28  Siege Tank  
  170  9:36  Hellion  
  172  9:39  Hellion  
  172  9:45  Hellion x2, Siege Tank  
  178  9:52  Terran Vehicle And Ship Armor Level 2, Siege Tank  
  180  9:57  Hellion  
  180  9:59  Viking  
  85  10:00  Viking, Hellion, Siege Tank  
  182  10:06  Hellion  
  182  10:07  Hellion  
  185  10:17  Siege Tank  
  158  10:23  Hellion, Command Center  
  158  10:25  Siege Tank  
  158  10:28  Hellion  
  151  10:29  Viking  
  151  10:32  Siege Tank  
  160  10:35  Hellion  
  160  10:36  Hellion  
  160  10:44  Hellion  
  160  10:49  Hellion  
  167  10:50  Siege Tank  
  167  10:57  Siege Tank  
  164  11:00  Hellion x2  
  141  11:04  Viking x2, Siege Tank  
  141  11:05  Hellion  
  141  11:10  Hellion  
  152  11:20  Factory  
  152  11:21  Hellion x2, Factory  
  152  11:22  Siege Tank  
  152  11:23  Factory  
  159  11:27  Hellion  
  148  11:34  Siege Tank  
  148  11:35  Hellion  
  148  11:37  Siege Tank  
  148  11:39  Viking  
  139  11:42  Hellion  
  139  11:43  Hellion  
  139  11:46  Viking  
  145  11:48  Hellion  
  145  11:53  Orbital Command  
  145  11:54  Siege Tank  
  148  12:02  Hellion  
  148  12:04  Hellion x2  
  148  12:06  Siege Tank  
  137  12:09  Siege Tank  
  137  12:10  Hellion  
  137  12:14  Viking  
  144  12:16  Viking  
  146  12:23  Hellion  
  146  12:25  Hellion x2  
  146  12:27  Siege Tank  
  155  12:32  Factory Tech Lab, Factory Reactor  
  155  12:33  Factory Tech Lab  
  155  12:37  Refinery x2  
  155  12:38  Siege Tank  
  155  12:41  Siege Tank  
  155  12:42  Hellion  
  163  12:45  Hellion  
  163  12:48  Hellion  
  163  12:49  Hellion  
  169  12:54  Siege Tank x2  
  175  12:59  Hellion  
  175  13:04  Hellion  
Show
View Real Time Build Order
Export as new Build Order

Lambo Zerg 

Build Orders: Hatch First 

Get SALT Encoding   

  12  0:00  Drone  
  13  0:12  Overlord  
  13  0:17  Drone  
  14  0:30  Drone x2  
  14  0:35  Drone  
  17  0:52  Hatchery  
  17  0:55  Drone  
  17  0:59  Drone  
  18  1:09  Extractor  
  17  1:14  Spawning Pool  
  17  1:16  Drone  
  17  1:20  Drone  
  18  1:30  Drone  
  19  1:42  Overlord  
  19  1:49  Drone  
  20  2:01  Queen  
  20  2:02  Zergling x2  
  20  2:03  Queen  
  20  2:04  Zergling x2  
  26  2:16  Drone  
  26  2:18  Drone  
  28  2:26  Hatchery  
  28  2:29  Drone  
  28  2:31  Drone  
  28  2:34  Drone  
  30  2:38  Drone  
  31  2:46  Metabolic Boost  
  31  2:49  Queen  
  33  2:53  Drone  
  33  2:57  Overlord  
  34  2:59  Drone  
  34  3:05  Drone  
  36  3:16  Drone x4  
  40  3:21  Drone  
  40  3:25  Queen  
  43  3:30  Drone  
  43  3:31  Overlord  
  44  3:37  Queen  
  44  3:39  Drone x2  
  48  3:42  Queen  
  50  3:49  Overlord  
  50  3:53  Overlord  
  50  4:03  Overlord  
  50  4:09  Zergling x2  
  52  4:10  Zergling x8  
  52  4:11  Drone x2  
  52  4:12  Drone  
  52  4:14  Lair  
  52  4:16  Overlord  
  59  4:17  Drone x2  
  60  4:24  Queen  
  60  4:26  Baneling Nest  
  60  4:27  Drone  
  62  4:32  Extractor, Overlord  
  62  4:34  Drone  
  62  4:40  Drone  
  62  4:43  Overlord  
  62  4:44  Drone x2  
  65  4:48  Drone  
  65  4:49  Drone, Evolution Chamber  
  65  4:51  Drone, Evolution Chamber  
  66  4:56  Drone  
  66  4:59  Drone x3  
  72  5:00  Drone x2  
  72  5:02  Drone  
  72  5:04  Drone  
  74  5:07  Drone  
  74  5:11  Drone x2  
  76  5:15  Zerg Missile Weapons Level 1  
  76  5:18  Drone x2  
  78  5:22  Overseer  
  78  5:24  Drone, Hatchery  
  78  5:25  Spore Crawler  
  78  5:26  Drone x2  
  79  5:28  Drone  
  79  5:29  Drone  
  79  5:33  Drone x3  
  84  5:38  Drone x2  
  84  5:39  Drone x2  
  84  5:40  Centrifical Hooks  
  84  5:41  Extractor x2  
  86  5:48  Extractor  
  86  5:49  Drone x2, Extractor  
  86  5:50  Drone  
  87  5:57  Hydralisk Den  
  87  5:58  Drone x3  
  87  5:59  Overlord  
  87  6:03  Baneling x4  
  89  6:13  Queen  
  89  6:15  Overlord  
  89  6:17  Queen x2  
  89  6:18  Overlord  
  87  6:21  Zergling x10  
  90  6:28  Zergling x10  
  90  6:29  Zergling x2  
  92  6:33  Zergling x8  
  92  6:35  Grooved Spines  
  96  6:41  Drone x4  
  96  6:46  Hydralisk x2  
  94  6:48  Queen x2  
  94  6:53  Drone x2  
  104  6:58  Infestation Pit, Zerg Ground Armor Level 1  
  104  7:01  Drone x3  
  106  7:02  Overlord  
  106  7:03  Extractor  
  106  7:05  Queen, Extractor  
  106  7:08  Drone x4  
  108  7:10  Zerg Missile Weapons Level 2  
  108  7:12  Hydralisk  
  110  7:17  Hydralisk x2  
  110  7:18  Hydralisk  
  110  7:20  Drone  
  110  7:21  Hydralisk  
  119  7:26  Hydralisk  
  119  7:27  Zergling x2  
  120  7:30  Baneling x5  
  120  7:34  Hydralisk x2  
  120  7:35  Zergling x2  
  124  7:37  Zergling x2  
  124  7:38  Zergling x4  
  124  7:39  Hydralisk  
  124  7:40  Hydralisk  
  121  7:44  Overlord x2  
  121  7:50  Overlord  
  116  7:55  Hive  
  116  7:57  Spire  
  113  8:00  Overlord  
  113  8:03  Drone x2  
  113  8:04  Drone x3  
  119  8:05  Drone x2  
  119  8:11  Hydralisk x4  
  128  8:14  Muscular Augments  
  128  8:21  Drone x5  
  128  8:22  Hydralisk  
  128  8:26  Hydralisk x2  
  139  8:33  Queen x2  
  143  8:43  Overlord  
  143  8:46  Overlord  
  143  8:50  Overlord  
  143  8:57  Overlord  
  143  8:59  Overlord  
  143  9:00  Queen, Overlord x2  
  145  9:03  Hatchery  
  145  9:04  Hydralisk x5  
  145  9:07  Hydralisk, Zergling x4  
  158  9:12  Hydralisk x2  
  158  9:13  Hydralisk  
  164  9:17  Greater Spire  
  164  9:20  Viper x3  
  172  9:25  Baneling x7  
  172  9:26  Baneling x5  
  172  9:30  Hydralisk x2  
  172  9:31  Hydralisk  
  176  9:33  Hydralisk x2  
  178  9:38  Hydralisk x2  
  178  9:45  Overlord  
  178  9:47  Overlord  
  178  9:48  Hydralisk x3  
  178  9:51  Hydralisk  
  178  9:52  Hydralisk  
  185  9:55  Hydralisk  
  185  9:56  Hydralisk  
  189  10:00  Hydralisk  
  189  10:06  Hydralisk x3  
  195  10:09  Hydralisk x2  
  195  10:13  Hydralisk  
  198  10:17  Hydralisk  
  198  10:18  Hydralisk  
  184  10:24  Hydralisk x2  
  161  10:28  Hydralisk  
  161  10:29  Zergling x10  
  168  10:40  Hydralisk x4  
  176  10:44  Hydralisk x2  
  176  10:48  Extractor, Hydralisk  
  176  10:49  Extractor  
  180  10:52  Hydralisk x2  
  180  10:57  Hydralisk x2  
  162  11:01  Hydralisk x2  
  162  11:02  Hydralisk  
  142  11:05  Hydralisk  
  142  11:06  Zergling x8  
  142  11:08  Hydralisk  
  141  11:12  Queen  
  141  11:13  Hydralisk  
  141  11:15  Hydralisk  
  141  11:17  Hydralisk  
  148  11:20  Hydralisk x2  
  148  11:22  Overlord  
  152  11:28  Zergling x6  
  134  11:33  Hydralisk  
  134  11:34  Hydralisk  
  134  11:38  Hydralisk x4  
  132  11:44  Hydralisk x2  
  132  11:46  Zergling x10  
  141  11:49  Hydralisk  
  141  11:51  Zergling x4  
  141  11:52  Baneling  
  141  11:53  Queen, Baneling x2  
  147  11:54  Hydralisk  
  143  12:03  Hydralisk x3  
  143  12:05  Hydralisk  
  129  12:09  Queen x2  
  129  12:10  Zergling x2  
  129  12:12  Baneling x2  
  129  12:14  Hydralisk x2  
  130  12:16  Baneling  
  130  12:19  Hydralisk x2  
  130  12:20  Hydralisk  
  136  12:24  Hydralisk  
  136  12:25  Hydralisk  
  136  12:28  Zergling x6  
  143  12:31  Pneumatized Carapace  
  143  12:33  Hydralisk  
  143  12:35  Hydralisk  
  143  12:36  Zergling x4  
  149  12:46  Hydralisk x5  
  149  12:47  Zergling x2  
  149  12:50  Hydralisk  
  162  12:53  Hydralisk  
  162  12:56  Hydralisk x2  
  165  13:00  Hydralisk x2  
  158  13:06  Hydralisk x2  
  159  13:14  Baneling  
  159  13:15  Baneling  

Tags
 
Add a new tag
Caveats
  • Supply blocks, unpowered buildings, or Contaminate may cause inaccurate times.
  • Supply counts are checked every 10 seconds.